AoeStats
← Jose_HPls

Nomad

513683406Analyzed
3v3 RM · 1d ago on Oct 14, 2026· 44m 46s· 6 players
Game mode
Random Map
Map size
210×210
Population
200
Speed
Normal
Resources
Standard
Victory
Conquest
Starting age
Dark Age
Ending age
Imperial Age
RankedLock teamsTeams togetherTeam positionsShared explorationLock speedFull tech treeHidden civsTurbo modeCheats
Victory
Defeat
🇭🇺 Danes · Hungary
727
+17
🇭🇺 Saracens · Hungary
725
+17
🇭🇺 Italians · Hungary
706
+18
vs
803
-20
🇲🇽 Lithuanians · Mexico
751
-27
🇵🇪 Vietnamese · Peru
690
-15
Bobby Brad Phill Johnson Mcguire
18:27 Feudal Age
18:59 Fishing Lines
19:14 Double-Bit Axe
19:24 Gold Mining
20:17 Man-at-Arms
21:01 Stone Mining
24:22 Castle Age
22:34 Arson
26:37 Long Swordsman
27:03 Gambesons
29:56 Wheelbarrow
30:36 Stone Shaft Mining
29:31 Pikeman
31:47 Hand Cart
31:28 Arson
32:54 Bow Saw
32:27 Horse Collar
34:59 Scale Mail Armor
37:39 Heavy Plow
39:16 Gillnets
43:44 Imperial Age
42:10 Town Watch
43:20 Town Patrol
43:55 Two-Handed Swordsman
CN
17:18 Feudal Age
20:30 Double-Bit Axe
23:40 Castle Age
24:17 Man-at-Arms
25:23 Crossbowman
26:09 Thumb Ring
27:42 Squires
28:29 Arson
33:07 Stone Mining
33:47 Pikeman
38:03 Stone Shaft Mining
39:09 Padded Archer Armor
39:00 Fletching
39:16 Scale Barding Armor
Jose_HPls
15:13 Feudal Age
16:18 Horse Collar
16:43 Double-Bit Axe
17:46 Loom
20:55 Wheelbarrow
26:26 Castle Age
32:01 Heavy Plow
33:18 Husbandry
33:31 Bloodlines
35:29 Gold Mining
39:45 Imperial Age
41:10 Hand Cart
scriptEnjoyer
14:11 Feudal Age
14:53 Double-Bit Axe
24:06 Castle Age
23:22 Scale Barding Armor
25:03 Stone Mining
27:00 Forging
28:40 Man-at-Arms
32:27 Fletching
32:58 Chain Barding Armor
37:44 Gold Mining
38:07 Bloodlines
37:59 Husbandry
Attesz
11:57 Loom
14:40 Feudal Age
17:28 Double-Bit Axe
17:30 Fishing Lines
19:04 Man-at-Arms
24:10 Castle Age
25:12 Long Swordsman
25:54 Squires
25:40 Arson
26:58 Forging
26:49 Scale Mail Armor
26:14 Crossbowman
27:48 Gillnets
32:09 Medium Warships
33:17 Medium Warships
35:45 Fletching
36:30 Iron Casting
36:12 Chain Mail Armor
37:11 Bow Saw
41:08 Imperial Age
43:42 Blast Furnace
43:12 Plate Mail Armor
42:12 Two-Handed Swordsman
kopter
13:59 Feudal Age
14:31 Double-Bit Axe
15:24 Horse Collar
17:18 Man-at-Arms
18:06 Fishing Lines
22:18 Horse Collar
23:26 Forging
24:51 Wheelbarrow
27:48 Castle Age
28:48 Scale Mail Armor
28:40 Gold Mining
28:40 Stone Mining
29:37 Long Swordsman
30:06 Gambesons
30:30 Squires
31:46 Iron Casting
31:27 Chain Mail Armor
33:00 Bow Saw
34:45 Hand Cart
36:18 Gold Shaft Mining
36:04 Heavy Plow
42:48 Imperial Age
42:53 Onager
42:55 Capped Ram
43:15 Two-Handed Swordsman
45:00 Blast Furnace
44:30 Plate Mail Armor
43:27 Hamask
Connection lost

Rejoining the realm…

Still unreachable

The connection could not be restored.

Session expired

The server has moved on; the page needs a fresh start.